 Dungeon Crawl Stone Soup version 0.24.0-13-gcf9b319 (webtiles) character file.

Game seed: 13721934444380191327, levelgen mode: deterministic

5918 sanboga the Blocker (level 10, -5/56 HPs)
             Began as a Gargoyle Fighter on Dec 17, 2019.
             Was a Believer of Hepliaklqana.
             Killed by divine providence
             ... invoked by an orc priest
              (16 damage)
             ... on level 10 of the Dungeon.
             The game lasted 00:15:45 (8324 turns).

sanboga the Blocker (Gargoyle Fighter)              Turns: 8324, Time: 00:15:45

Health: -5/56      AC: 24    Str: 22    XL:     10   Next: 83%
Magic:  13/13      EV:  5    Int: 10    God:    Hepliaklqana [**....]
Gold:   627        SH: 12    Dex:  9    Spells: 9/9 levels left

rFire    . . .     SeeInvis .   a - +1 war axe
rCold    . . .     Gourm    +   c - +0 shield
rNeg     + + .     Faith    .   g - +1 plate armour
rPois    ∞         Spirit   .   x - +0 helmet
rElec    +         Reflect  .   (no cloak)
rCorr    .         Harm     .   y - +0 pair of gloves
MR       +....                  (no boots)
Stlth    ..........             p - amulet of the gourmand
HPRegen  0.18/turn              o - ring of positive energy
MPRegen  0.13/turn              m - ring of protection from magic

@: no status effects
A: reduced essence, negative energy resistance 1, electricity resistance,
unbreathing, petrification resistance, rot immunity, AC +7
a: Recall Ancestor, Ancestor Identity, Renounce Religion


You were on level 10 of the Dungeon.
You worshipped Hepliaklqana.
Hepliaklqana was pleased with you.
You were completely stuffed.

You visited 2 branches of the dungeon, and saw 11 of its levels.

You collected 627 gold pieces.

Inventory:

Hand Weapons
 a - a +1 war axe (weapon)
Armour
 c - a +0 shield (worn)
 g - a +1 plate armour (worn)
 x - a +0 helmet (worn)
 y - a +0 pair of gloves (worn)
Jewellery
 m - a ring of protection from magic (right hand)
 o - a ring of positive energy (left hand)
 p - an amulet of the gourmand (around neck)
Wands
 h - a wand of iceblast (8)
 t - a wand of flame (38)
Scrolls
 b - 3 scrolls of remove curse
 e - 6 scrolls of teleportation
 k - a scroll of enchant armour
 q - a scroll of fog
 u - 2 scrolls of enchant weapon
Potions
 d - 2 potions of might
 i - a potion of resistance
 j - 2 potions of mutation
 l - a potion of haste
 n - 9 potions of curing
 r - a potion of invisibility
 s - a potion of heal wounds
 v - a potion of brilliance
Comestibles
 f - 17 rations
 w - a chunk of flesh


   Skills:
 + Level 7.6 Fighting
 * Level 8.3 Axes
 + Level 7.6 Armour
 * Level 10.2 Shields
 + Level 4.5 Invocations


You had 9 spell levels left.
You didn't know any spells.
Your spell library was empty.

Dungeon Overview and Level Annotations

Branches:
Dungeon (10/15)            Temple (1/1) D:6            Lair (0/6) D:9
    Orc: D:9-12

Altars:
Ashenzari
Cheibriados
Dithmenos
Elyvilon
Fedhas
Gozag
Hepliaklqana
Kikubaaqudgha
Makhleb
Nemelex Xobeh
Okawaru
Qazlal
Ru
Sif Muna
Trog
Uskayaw
Vehumet
Wu Jian
Xom
Yredelemnul
Zin
The Shining One


Innate Abilities, Weirdness & Mutations

You are resistant to torment.
Your stone body is resilient. (AC +7)
You are immune to poison.
You resist negative energy. (rN+)
You are resistant to electric shocks. (rElec)
You can survive without breathing.
You are immune to petrification.
You are immune to rotting.
Your life essence is reduced to manifest your ancestor. (-10% HP)


Message History

Beogh smites you!
The orc priest looks braver for a moment.
You hear a shout!
You barely miss the orc priest. You block the orc priest's attack.
Your shield and plate armour prevent you from hitting the orc priest.
You closely miss the orc priest.
The orc priest calls down the wrath of Beogh upon you.
Beogh smites you!
* * * LOW HITPOINT WARNING * * *
The orc priest hits you but does no damage.
You completely miss the orc priest.
You hit the orc priest but do no damage.
You block the orc priest's attack.
The orc priest hits you but does no damage.
You closely miss the orc priest. x2
The orc priest hits you but does no damage.
An orc wizard comes into view. It is wielding a +0 dagger.
The orc priest invokes the aid of Beogh against you.
Beogh smites you!
You die...

#..#..## #......#
#.#.#..#
#......#################
####....o....#.........#
#!.###.#####.######.#
##.# #.#........###.#
#.# #o#.###.##.....# #.#
#o@.#...######## #>#
#####.### #.# ####.# #.#
#....# #.#### #.# #.#
#<# ###


You could see 2 orc priests and an orc wizard (wandering).

Vanquished Creatures
  A two-headed ogre (D:8)
  The ghost of Nariad the Grappler, a novice TrMo of Trog (D:7)
  Grinder (D:4)
  2 yaks (D:9)
  A wyvern (D:9)
  A steam dragon (D:9)
  A basilisk (D:9)
  2 orc warriors
  3 ogres
  A centaur (D:5)
  A big kobold (D:7)
  2 bullfrogs
  2 scorpions
  A water moccasin skeleton (D:7)
  2 killer bees (D:9)
  A howler monkey (D:5)
  3 crimson imps
  A hound (D:8)
  2 orc priests
  A jelly (D:7)
  A bullfrog skeleton (D:8)
  Jessica (D:3)
  5 orc wizards
  An iguana (D:3)
  7 worker ants
  A bullfrog simulacrum (D:7)
  A hound skeleton (D:6)
  A howler monkey skeleton (D:8)
  7 adders
  A worker ant simulacrum (D:7)
  An ooze (D:1)
  An adder zombie (D:7)
  4 adder skeletons
  2 worms
  4 dart slugs
  5 leopard geckos
  19 orcs
  2 ball pythons
  4 giant cockroaches
  7 goblins
  6 hobgoblins
  18 jackals
  8 kobolds
  7 quokkas
  6 bats
  2 frilled lizards
  A jackal zombie (D:7)
  A quokka skeleton (D:6)
  7 rats
161 creatures vanquished.

Vanquished Creatures (collateral kills)
  A troll (D:9)
  A wyvern (D:9)
  2 yaks (D:9)
  A hungry ghost (D:8)
  An ice beast (D:7)
  A sky beast (D:7)
  A centaur (D:8)
  3 crocodiles (D:9)
  A bullfrog (D:6)
  5 scorpions
  4 killer bees (D:9)
  3 bullfrog zombies
  A quasit (D:10)
  An orc priest (D:8)
  A hound (D:8)
  2 jellies
  3 orc wizards
  A hound zombie (D:7)
  An adder (D:9)
  An adder zombie (D:8)
  An adder simulacrum (D:7)
  3 leopard geckos
  2 orcs
  2 jackals (D:8)
  2 kobolds (D:7)
  A leopard gecko zombie (D:8)
46 creatures vanquished.

Vanquished Creatures (others)
  4 battlemagi
  An ancestor (D:7)
5 creatures vanquished.

Grand Total: 212 creatures vanquished

Notes
Turn   | Place    | Note
-------+----------+-------------------------------------------
     0 | D:1      | sanboga the Gargoyle Fighter began the quest for the Orb.
     0 | D:1      | Reached XP level 1. HP: 14/14 MP: 1/1
    59 | D:1      | Reached XP level 2. HP: 16/19 MP: 2/2
   201 | D:1      | Reached XP level 3. HP: 16/23 MP: 3/3
   513 | D:1      | Reached skill level 4 in Shields
   901 | D:2      | Found a radiant altar of Vehumet.
   933 | D:2      | Found a shattered altar of Ashenzari.
   938 | D:2      | Reached XP level 4. HP: 28/28 MP: 4/4
  1231 | D:2      | Found a glowing golden altar of the Shining One.
  1286 | D:2      | Reached XP level 5. HP: 33/33 MP: 5/5
  1304 | D:2      | Found an ancient bone altar of Kikubaaqudgha.
  1304 | D:2      | Found a stormy altar of Qazlal.
  1527 | D:3      | Noticed Jessica
  1534 | D:3      | Killed Jessica
  2208 | D:4      | Reached skill level 5 in Shields
  2208 | D:4      | Reached XP level 6. HP: 27/38 MP: 6/6
  2404 | D:4      | Noticed Grinder
  2407 | D:4      | Paralysed by Grinder for 2 turns
  2415 | D:4      | Paralysed by Grinder for 2 turns
  2423 | D:4      | Paralysed by Grinder for 6 turns
  2436 | D:4      | Killed Grinder
  2436 | D:4      | Reached XP level 7. HP: 13/44 MP: 7/7
  3298 | D:4      | Reached skill level 6 in Shields
  3348 | D:5      | Entered Level 5 of the Dungeon
  3567 | D:5      | Found a stormy altar of Qazlal.
  4044 | D:5      | Found a snail-covered altar of Cheibriados.
  4106 | D:5      | Reached skill level 5 in Fighting
  4106 | D:5      | Reached skill level 5 in Armour
  4207 | D:5      | Reached XP level 8. HP: 46/49 MP: 8/8
  4218 | D:5      | Found an ornate altar of the Wu Jian Council.
  4289 | D:5      | Reached skill level 5 in Axes
  4609 | D:6      | Found a staircase to the Ecumenical Temple.
  4618 | Temple   | Entered the Ecumenical Temple
  4679 | Temple   | Became a worshipper of Hepliaklqana the Forgotten
  4838 | D:6      | Found a hide-covered altar of Uskayaw.
  4851 | D:6      | Noticed a +0 dagger
  4896 | D:6      | Noticed a +0 hand axe
  4928 | D:6      | Reached skill level 7 in Shields
  5138 | D:7      | Reached * piety under Hepliaklqana
  5548 | D:7      | Found a runed translucent gate.
  5548 | D:7      | Found a runed translucent gate.
  5548 | D:7      | Found a runed translucent gate.
  5548 | D:7      | Noticed Nariad's ghost (novice TrMo)
  5652 | D:7      | Reached XP level 9. HP: 49/49 MP: 9/9
  5737 | D:7      | Reached skill level 8 in Shields
  5936 | D:8      | Reached skill level 1 in Invocations
  6067 | D:8      | Found a glowing golden altar of the Shining One.
  6426 | D:8      | Reached ** piety under Hepliaklqana
  6428 | D:8      | Remembered your ancestor Gorog as a battlemage
  6429 | D:8      | Noticed a two-headed ogre
  6439 | D:8      | Killed a two-headed ogre
  6439 | D:8      | Reached skill level 9 in Shields
  6911 | D:9      | Found a glowing silver altar of Zin.
  6930 | D:9      | Noticed a troll
  6969 | D:8      | Reached XP level 10. HP: 27/54 MP: 12/12
  7587 | D:9      | Found a staircase to the Lair.
  7926 | D:9      | Reached skill level 10 in Shields
  8141 | D:7      | Killed Nariad's ghost
  8216 | D:10     | Entered Level 10 of the Dungeon
  8324 | D:10     | Killed from afar by an orc priest

Levels and vault maps discovered:
D:1:      nzn_arrival_depleted_hourglass, layout_loops_corners
D:2:      layout_loops_ring, gammafunk_temple_overflow_statue,
          ashenzari_altar_1, overflow_temple_1_default, vehumet_crystals
D:3:      layout_basic, first_ration, amethyst_killhole, uniq_jessica
D:4:      layout_gridville, uniq_grinder
D:5:      layout_loops_ring, lemuel_coloured_pillars_altar,
          nicolae_overflow_crystal_walls, dk_noncrumbling_2, fountainhead,
          grunt_qazlal_sundering
D:6:      layout_rooms, dancing_weapons_uskayaw, minmay_temple_entry_tees,
          item_on_display_a
D:7:      layout_cave_pods, gammafunk_ghost_necromancy
D:8:      layout_cave_pods, basic_altar
D:9:      layout_rooms, zin_treasury, erik_lair_dragon
D:10:     layout_basic, orc_0_dummy, serial_shops, shop, grunt_ogre_cave
Temple:   dshaligram_water_room_temple

Skill      XL: |  1  2  3  4  5  6  7  8  9 10 |
---------------+-------------------------------+-----
Axes           | 2 3 4 6 7 8 |  8.3
Shields        | 4 5 6 7 9 10 | 10.2
Fighting       | 4 5 6 7 |  7.6
Armour         | 4 5 6 7 |  7.6
Invocations    | 3 4 |  4.5

Action                   |  1- 3 |  4- 6 |  7- 9 | 10-12 || total
-------------------------+-------+-------+-------+-------++-------
Melee: War axe           |   118 |   141 |   335 |    93 ||   687
Invok: Ancestor Identity |       |       |     1 |       ||     1
       Ancestor Life: Ba |       |       |     1 |       ||     1
  Use: Scroll            |       |     4 |     7 |     1 ||    12
       Potion            |       |     2 |     3 |     1 ||     6
 Stab: Distracted        |       |       |       |     3 ||     3
  Eat: Chunk             |       |    12 |    19 |     5 ||    36
Armor: Scale mail        |   107 |    91 |    10 |       ||   208
       Plate armour      |       |       |   175 |   115 ||   290
       Chain mail        |       |       |    16 |       ||    16
       Skin              |       |       |     1 |       ||     1
Dodge: Dodged            |    51 |    44 |    59 |    38 ||   192
Block: Shield            |    80 |    68 |   172 |   106 ||   426
